AoeStats
← mryendl2410

Oasis

509889494Analyzed
4v4 RM · 4d ago on Sep 28, 2026· 27m 31s· 8 players
Game mode
Random Map
Map size
Large (8 player)
Population
200
Speed
Normal
Resources
Standard
Victory
Conquest
Starting age
Dark Age
Ending age
Imperial Age
RankedLock teamsTeams togetherTeam positionsShared explorationLock speedFull tech treeHidden civsTurbo modeCheats
Victory
Defeat
🇺🇸 Saracens · United States
1327
+15
🇨🇳 Varangians · China
1317
+15
🇻🇳 Lithuanians · Vietnam
1316
+15
🇻🇳 Ethiopians · Vietnam
1304
+15
🇮🇹 Danes · Italy
1327
-16
🇵🇱 Magyars · Poland
1294
-15
🇭🇰 Britons · Hong Kong SAR China
1288
-15
🇹🇼 Saracens · Taiwan
1272
-14
Fs.Caboclo
7:12 Loom
9:44 Feudal Age
10:16 Double-Bit Axe
13:03 Fletching
20:24 Wheelbarrow
20:29 Padded Archer Armor
23:22 Castle Age
22:12 Gold Mining
22:23 Horse Collar
24:09 Bodkin Arrow
23:38 Crossbowman
24:57 Leather Archer Armor
24:55 Bow Saw
26:30 Ballistics
不会进攻
10:19 Feudal Age
12:44 Bloodlines
15:20 Wheelbarrow
16:14 Scale Barding Armor
17:45 Forging
19:53 Loom
23:11 Castle Age
20:58 Double-Bit Axe
23:16 Horse Collar
23:19 Light Cavalry
24:49 Iron Casting
26:47 Husbandry
27:10 Chain Barding Armor
piecardinap
8:11 Loom
10:58 Feudal Age
12:06 Horse Collar
12:11 Double-Bit Axe
19:49 Castle Age
19:19 Gold Mining
19:36 Scale Barding Armor
23:23 Wheelbarrow
24:13 Bloodlines
mryendl2410
8:56 Feudal Age
9:46 Double-Bit Axe
9:57 Loom
12:11 Fletching
23:52 Horse Collar
29:44 Castle Age
28:10 Padded Archer Armor
TarryMoney
6:19 Loom
9:29 Feudal Age
9:37 Man-at-Arms
11:14 Forging
10:59 Double-Bit Axe
12:42 Scale Mail Armor
22:19 Castle Age
22:03 Gold Mining
21:57 Horse Collar
22:25 Long Swordsman
23:34 Chain Mail Armor
24:26 Wheelbarrow
25:14 Squires
kenchen
10:28 Feudal Age
14:53 Castle Age
15:50 Double-Bit Axe
16:28 Stone Mining
18:44 Loom
22:09 Padded Archer Armor
22:27 Forging
22:47 Bow Saw
22:34 Gold Mining
24:49 Scale Barding Armor
25:37 Fervor
26:54 Chain Barding Armor
GoodFunHaveLuck
7:14 Loom
9:48 Feudal Age
25:15 Castle Age
23:36 Double-Bit Axe
24:23 Scale Barding Armor
25:18 Light Cavalry
26:08 Bloodlines
BILLLLLLLYYY
7:17 Loom
9:43 Feudal Age
11:11 Double-Bit Axe
19:57 Castle Age
24:07 Stone Mining
25:58 Bow Saw
Connection lost

Rejoining the realm…

Still unreachable

The connection could not be restored.

Session expired

The server has moved on; the page needs a fresh start.